 Dungeon Crawl Stone Soup version 0.31-a0-435-g2c6fae2916 (webtiles) character file.

Game seed: 9292575168053314601

3563 CraigForest the Blocker (level 10, -7/69 HPs)
             Began as a Formicid Fighter on Aug 1, 2023.
             Was a Believer of Hepliaklqana.
             Mangled by a yak (12 damage)
             ... on level 7 of the Dungeon.
             The game lasted 00:23:59 (6185 turns).

CraigForest the Blocker (Formicid Fighter)          Turns: 6185, Time: 00:24:00

Health: -7/69      AC:  3    Str: 26    XL:     10   Next: 30%
Magic:  10/10      EV: 12    Int:  7    God:    Hepliaklqana [**....]
Gold:   237        SH: 12    Dex: 19    Spells: 9/9 levels left

rFire   . . .        u - +2 mace (venom)
rCold   . . .        c - +0 buckler
rNeg    + . .        b - +0 scale mail
rPois   .            (helmet unavailable)
rElec   .            M - +0 cloak
rCorr   .            g - +0 pair of gloves
SInv    +            (no boots)
Will    +....        y - amulet of reflection Stlth
                     l - +6 ring of dexterity
HPRegen 0.31/turn    w - ring of positive energy
MPRegen 0.12/turn

%: reflection
@: corroded
A: reduced essence, permanent stasis, dig shafts and tunnels, antennae 3, four
strong arms, shaggy fur 1, MP-powered wands
a: Dig, Shaft Self, Renounce Religion, Recall Ancestor, Ancestor Identity


You were on level 7 of the Dungeon.
You worshipped Hepliaklqana.
Hepliaklqana was pleased with you.
You visited 2 branches of the dungeon, and saw 8 of its levels.
You also visited: Ossuary.

You collected 345 gold pieces.
You spent 108 gold pieces at shops.

Inventory:

Hand Weapons
 a - a +0 war axe
 r - a +0 long sword
 u - a +2 mace of venom (weapon)
 v - a +0 rapier
 H - a +2 quarterstaff of draining
 I - a +0 heavy hand axe
Missiles
 f - 18 poisoned darts
 J - 6 boomerangs
Armour
 b - a +0 scale mail (worn)
 c - a +0 buckler (worn)
 g - a +0 pair of gloves (worn)
 M - a +0 cloak (worn)
Magical Staves
 s - a staff of cold
Jewellery
 l - a +6 ring of dexterity (left hand)
 w - a ring of positive energy (right hand)
 y - an amulet of reflection (around neck)
 O - a ring of wizardry
 R - an amulet of guardian spirit
Talismans
 e - a beast talisman
 x - a serpent talisman
Wands
 t - a wand of polymorph (7)
 G - a wand of flame (11) (quivered)
Scrolls
 h - 2 scrolls of amnesia {unknown}
 i - a scroll of blinking {unknown}
 j - 2 scrolls of poison
 p - 3 scrolls of revelation
 z - 2 scrolls of fog
 C - a scroll of fear {unknown}
 D - a scroll of torment {unknown}
 E - a scroll of silence {unknown}
 L - 2 scrolls of immolation {unknown}
 N - a scroll of identify
Potions
 d - 2 potions of might
 k - 6 potions of curing
 m - 4 potions of heal wounds
 n - a potion of mutation
 o - a potion of invisibility {unknown}
 q - 2 potions of ambrosia
 A - a potion of brilliance
 B - a potion of cancellation
 F - a potion of magic
 K - a potion of resistance
 P - 2 potions of lignification
 Q - a potion of degeneration


   Skills:
 + Level 6.6 Fighting
 + Level 4.2(6.7) Axes
 + Level 8.1(8.6) Maces & Flails
 + Level 7.6 Armour
 + Level 3.1 Dodging
 + Level 9.0 Shields


You had 9 spell levels left.
You didn't know any spells.
Your spell library contained the following spells:

 Spells                   Type           Power      Damage    Failure   Level
 Cigotuvi's Dreadful Rot  Necr/Pois/Air  0%         N/A       86%         2
 Ignite Poison            Fire/Tmut/Pois 0%         N/A       97%         3
 Summon Guardian Golem    Hex/Summ       0%         N/A       97%         3
 Freezing Cloud           Conj/Ice/Air   0%         6-21      100%        5
 Orb of Destruction       Conj           0%         9d5       100%        7
 Spellforged Servitor     Conj/Summ      0%         N/A       100%        7


Dungeon Overview and Level Annotations

Branches:
Dungeon (7/15)             Temple (1/1) D:4         Ossuary (visited)

Altars:
Cheibriados
Dithmenos
Elyvilon
Fedhas
Gozag
Hepliaklqana
Kikubaaqudgha
Makhleb
Nemelex Xobeh
Okawaru
Qazlal
Ru
Sif Muna
Trog
Uskayaw
Vehumet
Wu Jian
Xom
Yredelemnul
Zin
The Shining One

Shops:
D:7 !


Innate Abilities, Weirdness & Mutations

Your life essence is reduced to manifest your ancestor. (-10% HP)
You cannot be hasted, slowed, berserked, paralysed or teleported.
You can dig through walls and to a lower floor.
You have a pair of large antennae on your head. (SInv)
Your four strong arms can wield two-handed weapons with a shield.
You are covered in fur. (AC +1)
You expend magic power (3 MP) to strengthen your wands.


Message History

The yak is almost dead.
The yak barely misses you.
You hit the yak.
The yak looks as sick as possible!
The yak is almost dead.
You kill the yak!
Your Maces & Flails skill increases to level 8!
You hit the yak.
The yak is poisoned.
The yak is lightly wounded.
The yak gores you!
* * * LOW HITPOINT WARNING * * *
You hit the yak.
The yak is lightly wounded.
You block the yak's attack.
You sock the yak!
The yak looks as sick as possible!
The yak is heavily wounded.
You block the yak's attack.
You hit the yak but do no damage.
The yak looks as sick as possible!
The yak is severely wounded.
The yak closely misses you.
You hit the yak but do no damage.
The yak looks as sick as possible!
The yak is severely wounded.
The yak barely misses you.
You hit the yak.
The yak looks as sick as possible!
The yak is almost dead.
You kill the yak!
Your Shields skill increases to level 9!
You closely miss the yak.
The yak is severely wounded.
The yak gores you!
* * * LOW HITPOINT WARNING * * *
You barely miss the yak.
The yak is severely wounded.
The yak gores you but does no damage.
You barely miss the yak.
The yak is severely wounded.
You block the yak's attack.
You hit the yak.
The yak is poisoned.
The yak is almost dead.
The yak gores you!
You die...

###....##R#....# ..
................ #'#
#######......).# ...#
#.#....... . ..#
#.######## ...8.# #.#
#.... ....#.# #.# #.###
...8...#### #.# #....
.).....Y@.######.# #..##
...8..†##........# #....
....#.##.......######...#
...8.# ##................
. ..# ########.#####...#
...# ..................
#'# ##########.###.### #.
#.# #.... #.# #####


You could see a yak (very poisoned).

Vanquished Creatures
  A cyclops (D:6)
  Grinder (D:3)
  4 yaks (D:7)
  A water moccasin (D:7)
  Pargi (D:4)
  A black bear (D:5)
  An ice beast (D:6)
  2 centaurs
  A bullfrog (D:6)
  16 scorpions
  A howler monkey (D:4)
  A human zombie (Ossuary)
  A centaur zombie (Ossuary)
  A jelly (D:7)
  2 hounds (D:5)
  4 iguanas
  2 sleepcaps
  2 orc wizards (D:4)
  2 scorpion zombies (Ossuary)
  3 mummies (Ossuary)
  3 gnolls (D:2)
  5 adders
  A shadow imp (D:5)
  2 worms (D:3)
  A dart slug (D:3)
  14 orcs
  6 ball pythons
  6 endoplasms
  3 giant cockroaches
  2 gnoll zombies (Ossuary)
  5 goblins
  7 hobgoblins
  4 jackals (D:3)
  A quokka (D:2)
  7 bats
  4 frilled lizards
  2 goblin zombies (Ossuary)
  A hobgoblin zombie (Ossuary)
  3 kobolds
  An orc zombie (Ossuary)
  8 rats
134 creatures vanquished.

Vanquished Creatures (collateral kills)
  An ice beast (D:7)
  A phantom (D:7)
  A bullfrog (D:6)
  An orc (D:7)
4 creatures vanquished.

Vanquished Creatures (others)
  A battlemage (D:7)
1 creature vanquished.

Grand Total: 139 creatures vanquished

Notes
Turn   | Place    | Note
-------+----------+-------------------------------------------
     0 | D:1      | CraigForest the Formicid Fighter began the quest for the
                  | Orb.
     0 | D:1      | Reached XP level 1. HP: 18/18 MP: 1/1
   195 | D:1      | Reached XP level 2. HP: 23/24 MP: 2/2
   789 | D:2      | Reached XP level 3. HP: 26/29 MP: 3/3
  1383 | D:2      | Reached XP level 4. HP: 23/35 MP: 4/4
  1633 | D:3      | Noticed Grinder
  1657 | D:3      | Killed Grinder
  1658 | D:3      | Reached skill level 5 in Shields
  1658 | D:3      | Reached XP level 5. HP: 42/42 MP: 5/5
  1658 | D:3      | Reached XP level 6. HP: 48/48 MP: 6/6
  2642 | D:4      | Found a sand-covered staircase.
  2647 | Ossuary  | Entered an ossuary
  2664 | Ossuary  | Reached skill level 1 in Maces & Flails
  2664 | Ossuary  | Reached skill level 5 in Armour
  2664 | Ossuary  | Reached skill level 1 in Dodging
  2664 | Ossuary  | Reached XP level 7. HP: 54/54 MP: 7/7
  3051 | Ossuary  | Reached XP level 8. HP: 61/61 MP: 8/8
  3053 | Ossuary  | Reached skill level 6 in Shields
  3103 | Ossuary  | Gained mutation: You are dopey. (Int -2) [potion of
                  | mutation]
  3103 | Ossuary  | Gained mutation: You are weak. (Str -2) [potion of
                  | mutation]
  3104 | Ossuary  | Lost mutation: You are dopey. (Int -2) [potion of mutation]
  3104 | Ossuary  | Lost mutation: You are weak. (Str -2) [potion of mutation]
  3104 | Ossuary  | Gained mutation: You are covered in fur. (AC +1) [potion of
                  | mutation]
  3104 | Ossuary  | Gained mutation: You are clumsy. (Dex -2) [potion of
                  | mutation]
  3104 | Ossuary  | Lost mutation: You are clumsy. (Dex -2) [potion of
                  | mutation]
  3104 | Ossuary  | Gained mutation: You expend magic power (3 MP) to
                  | strengthen your wands. [potion of mutation]
  3131 | Ossuary  | Reached skill level 5 in Fighting
  3342 | D:4      | Noticed Pargi
  3359 | D:4      | Killed Pargi
  3360 | D:4      | Reached skill level 5 in Maces & Flails
  3491 | D:4      | Found a staircase to the Ecumenical Temple.
  3496 | D:4      | Reached XP level 9. HP: 58/68 MP: 9/9
  3514 | Temple   | Entered the Ecumenical Temple
  3608 | Temple   | Became a worshipper of Hepliaklqana the Forgotten
  3965 | D:4      | Reached skill level 7 in Shields
  4092 | D:5      | Entered Level 5 of the Dungeon
  4866 | D:6      | Reached * piety under Hepliaklqana
  5215 | D:6      | Noticed a cyclops
  5225 | D:6      | Killed a cyclops
  5226 | D:6      | Reached skill level 8 in Shields
  5815 | D:7      | Reached ** piety under Hepliaklqana
  5816 | D:7      | Remembered your ancestor ClickClick as a battlemage
  5955 | D:7      | Found Jyiteny's Distillery.
  5958 | D:7      | Bought a potion of heal wounds for 60 gold pieces
  5958 | D:7      | Bought a potion of degeneration for 12 gold pieces
  5958 | D:7      | Bought a potion of lignification for 36 gold pieces
  5965 | D:7      | Reached XP level 10. HP: 58/68 MP: 10/10
  6182 | D:7      | Reached skill level 9 in Shields
  6185 | D:7      | Mangled by a yak

Illustrated notes

Levels and vault maps discovered:
D:1:      minmay_arrival_stair_chambers, layout_basic, wad_floor_pattern_1
D:2:      layout_loops_ring, kennysheep_doodads
D:3:      layout_loops_ring, grunt_decor_clamped, uniq_grinder
D:4:      layout_gridville, minmay_temple_entry_crystal_x,
          nicolae_ossuary_entry_monument, uniq_pargi
D:5:      layout_layer_cave, minmay_hedge_maze
D:6:      layout_basic
D:7:      layout_basic, serial_shops, nicolae_shop_tiny_real_fake_doors,
          dk_noncrumbling_3
Temple:   mainiacjoe_temple_trianglar_array

Skill      XL: |  1  2  3  4  5  6  7  8  9 10 |
---------------+-------------------------------+-----
Armour         | 4 5 7 |  7.6
Fighting       | 4 5 6 |  6.6
Axes           | 4 |  4.2
Shields        | 5 6 8 9 |  9.0
Maces & Flails | 1 3 5 7 8 |  8.1
Dodging        | 1 2 3 |  3.1

Action                     |  1- 3 |  4- 6 |  7- 9 | 10-12 || total
---------------------------+-------+-------+-------+-------++-------
  Melee: War axe           |    83 |    21 |       |       ||   104
         Unarmed           |       |     7 |       |       ||     7
         Mace              |       |    57 |   251 |    40 ||   348
 Invoke: Ancestor Life: Ba |       |       |     1 |       ||     1
         Ancestor Identity |       |       |     1 |       ||     1
Ability: Dig               |     1 |       |     1 |       ||     2
    Use: Scroll            |       |     3 |    12 |       ||    15
         Potion            |       |       |     2 |     1 ||     3
 Armour: Scale mail        |    40 |    26 |   100 |     4 ||   170
         Skin              |       |     1 |       |       ||     1
  Dodge: Dodged            |    36 |    29 |   108 |    15 ||   188
  Block: Buckler           |    21 |    30 |   169 |    21 ||   241
         Reflection        |       |       |     8 |       ||     8

Table legend: (Time is in decaauts)
 A = Elapsed time spent in this place.
 B = Non-inter-level travel time spent in this place.
 C = Inter-level travel time spent in this place.
 D = Time resting spent in this place.
 E = Time spent auto-exploring this place.
 F = Levels seen in this place.
 G = Mean time per level.
                   A        B        C        D        E       F      G
               +--------+--------+--------+--------+--------+-----+--------+
         Total |   6277 |   6090 |    187 |    382 |   3821 |   9 |  697.4 |
       Dungeon |   5535 |   5377 |    158 |    148 |   3799 |   7 |  790.7 |
        Temple |    123 |     94 |     29 |      0 |     22 |   1 |  123.0 |
       Ossuary |    618 |    618 |      0 |    234 |      0 |   1 |  618.0 |
               +--------+--------+--------+--------+--------+-----+--------+

Top non-repeatable levels by time:
     D:3: 1114 daAuts
     D:2: 943 daAuts
     D:6: 852 daAuts
     D:5: 759 daAuts
     D:4: 739 daAuts
     D:1: 640 daAuts
 Ossuary: 618 daAuts
     D:7: 487 daAuts
  Temple: 123 daAuts
